 Dungeon Crawl Stone Soup version 0.28-a0-529-g3bad584f25 (webtiles) character file.

Game seed: 2103567267669742081

15747 spiderkeys the Fighter (level 12, -4/97 HPs)
             Began as a Gnoll Abyssal Knight on Sept 24, 2021.
             Was a High Priest of Lugonu.
             Killed from afar by a white imp (8 damage)
             ... with a puff of frost
             ... on level 12 of the Dungeon.
             The game lasted 00:24:28 (12827 turns).

spiderkeys the Fighter (Gnoll Abyssal Knight)      Turns: 12827, Time: 00:24:29

Health: -4/97      AC:  8    Str: 16    XL:     12   Next: 30%
Magic:  22/22      EV: 11    Int: 13    God:    Lugonu [*****.]
Gold:   1708       SH:  6    Dex: 13    Spells: 19/25 levels left

rFire   . . .      SeeInvis .   d - +3 trident "Fonwoubb" {pain, Int+2}
rCold   . . .      Faith    .   x - +0 buckler
rNeg    . . .      Spirit   .   R - +1 troll leather armour
rPois   .          Reflect  .   c - +1 helmet
rElec   .          Harm     .   (no cloak)
rCorr   .          Rampage  .   (no gloves)
Will    +....                   (no boots)
Stlth   +++.......              A - amulet of the acrobat
HPRegen 1.26/turn               L - ring of flight
MPRegen 0.18/turn               r - ring of willpower

@: brilliant, grasped by roots, flying, slowed, constricted, very slow
A: fangs 1, strong nose, distributed training
a: Renounce Religion, Depart the Abyss, Bend Space, Banish, Corrupt, Enter the
Abyss


You were on level 12 of the Dungeon.
You worshipped Lugonu.
Lugonu was extremely pleased with you.
You visited 1 branch of the dungeon, and saw 12 of its levels.
You visited the Abyss 1 time.

You collected 1708 gold pieces.


Innate Abilities, Weirdness & Mutations

You have very sharp teeth.
Your uncanny sense of smell can sniff out nearby items.
Your experience applies equally to all skills.


   Skills:
 + Level 9.8 Fighting
 + Level 7.1 Short Blades
 + Level 7.1 Long Blades
 + Level 7.1 Axes
 + Level 7.1 Maces & Flails
 + Level 8.6 Polearms
 + Level 7.1 Staves
 + Level 7.1 Slings
 + Level 7.1 Bows
 + Level 7.1 Crossbows
 + Level 7.1 Throwing
 + Level 8.6 Armour
 + Level 7.6 Dodging
 + Level 7.1 Stealth
 + Level 7.1 Shields
 + Level 7.1 Unarmed Combat
 + Level 7.1 Spellcasting
 + Level 5.9 Conjurations
 + Level 5.9 Hexes
 + Level 5.9 Summonings
 + Level 5.9 Necromancy
 + Level 5.9 Translocations
 + Level 5.9 Transmutations
 + Level 5.9 Fire Magic
 + Level 5.9 Ice Magic
 + Level 5.9 Air Magic
 + Level 5.9 Earth Magic
 + Level 5.9 Poison Magic
 + Level 9.2 Invocations
 + Level 7.1 Evocations


You had 19 spell levels left.
You knew the following spells:

 Your Spells              Type           Power      Damage    Failure   Level
c - Confusing Touch       Hex            30%        N/A       4%          3
v - Vampiric Draining     Necr           15%        2d8       4%          3

Your spell library contained the following spells:

 Spells                   Type           Power      Damage    Failure   Level
 Passwall                 Tmut/Erth      25%        N/A       2%          2
 Slow                     Hex            30%        N/A       2%          2
 Swiftness                Air            30%        N/A       4%          3
 Blade Hands              Tmut           15%        N/A       38%         5
 Irradiate                Conj/Tmut      15%        3d19      38%         5
 Invisibility             Hex            15%        N/A       93%         6
 Dragon Form              Tmut           15%        N/A       100%        7

Inventory:

Hand Weapons
 a - a +2 spear
 d - the +3 trident "Fonwoubb" (weapon) {pain, Int+2}
   (You found it on level 2 of the Abyss)

   In the hands of one skilled in necromantic magic, it inflicts extra damage on
   living creatures.
   Int:       It affects your intelligence (+2).
 f - a +2 rapier of distortion
   (You took it off a kobold on level 4 of the Dungeon)
 u - a +2 antimagic dagger
   (You took it off Ijyb on level 4 of the Dungeon)
Missiles
 g - 269 stones
 n - 126 bolts
 p - 311 arrows
 s - 2 silver boomerangs
 C - 15 sling bullets
 D - 5 atropa-tipped darts
 J - a boomerang
 V - 54 poisoned darts
 Y - 2 throwing nets {=f!f}
Armour
 c - a +1 helmet (worn)
   (You found it on level 2 of the Abyss)
 x - a +0 buckler (worn)
   (You found it on level 4 of the Dungeon)
 I - a +0 kite shield
   (You took it off a gnoll sergeant on level 5 of the Dungeon)
 R - a +1 troll leather armour (worn)
   (You found it on level 9 of the Dungeon)
Magical Staves
 N - a staff of death {!a}
   (You found it on level 7 of the Dungeon)
Jewellery
 r - a ring of willpower (right hand)
   (You found it on level 3 of the Dungeon)
 A - an amulet of the acrobat (around neck)
   (You found it on level 6 of the Dungeon)
 E - an amulet of magic regeneration
   (You found it on level 5 of the Dungeon)
 F - a ring of protection from fire
   (You found it on level 10 of the Dungeon)
 L - a ring of flight (left hand)
   (You found it on level 2 of the Dungeon)
Wands
 e - a wand of flame (22)
   (You found it on level 2 of the Abyss)
 t - a wand of iceblast (24)
   (You took it off Ijyb on level 4 of the Dungeon)
 v - a wand of acid (4)
   (You found it on level 9 of the Dungeon)
 G - a wand of mindburst (9)
   (You took it off a kobold on level 4 of the Dungeon)
 Q - a wand of polymorph (8)
   (You found it on level 8 of the Dungeon)
 W - a wand of paralysis (9)
   (You found it on level 10 of the Dungeon)
Scrolls
 b - a scroll of fog
 i - 2 scrolls of enchant weapon
 y - 2 scrolls of torment {!r}
 z - a scroll of silence {unknown}
 B - 2 scrolls of summoning
 K - a scroll of immolation {!r!r}
 U - a scroll of vulnerability {!r!r}
 Z - a scroll of teleportation {@r4}
Potions
 h - a potion of attraction {!q}
 j - 5 potions of curing {@q1}
 k - a potion of berserk rage {!q}
 l - a potion of magic
 q - 3 potions of might
 w - a potion of mutation {!q}
 H - a potion of lignification {unknown}
 M - 4 potions of degeneration {!q}
 O - a potion of haste {unknown}
 P - 2 potions of brilliance
 T - a potion of flight {unknown}
 X - a potion of cancellation {unknown}
Miscellaneous
 S - a piece from Xom's chessboard (15/15)
   (You found it on level 9 of the Dungeon)

Dungeon Overview and Level Annotations

Branches:
Dungeon (12/15)            Temple (0/1) D:4            Lair (0/6) D:10
    Orc (0/2) D:10

Altars:
Ashenzari
Gozag
Nemelex Xobeh
Ru
Trog
Yredelemnul
Zin

Portals:
Ice
Cave: D:12

Annotations:
D:12 Jorgrun

*****,** *,,* **,,,,,,* **,**
,,,,,,* *,,* **,,*,,****,,,*
,,,,,,*** #*,,*****..#.,,**,,,,*
,,,,,,,,*###.,,,,**.......,,,,,,*
,,,,,,,,,.....,,,,*.......,,,,,,,
,,,,,,,,*##...#,*,,.......,,,,,,,
,***,,***#.....####.......,,,,,,,
** *>,** *#........#.....,,.,,,,,
* *,,,* *#..#.5@.....#*,#..*,,,*
* *,,,**#............##....,,,,,
* **,,,,....#..55..#......#**,,,
* **,,,,...*#..5..........# **,,
****,,,,,...##...g....##...#**,*,
,,,,,,,,,................#..,,,,,
,,,,,,,,,.................#*##...
,,,,,,,,,∩................###....
,,,,,,,,,........................


You could see Jorgrun and 4 white imps.


Message History

Space bends sharply around you!
You escape the roots' grasp.
You blink.
A white imp comes into view.
The white imp shouts, "Remove thy stench, thou currish fob-snatching vulture!"
Jorgrun points at you and mumbles some strange words.
You easily resist.
The white imp gestures at you.
The puff of frost hits you but does no damage. 😮 MP[-1]
You lost 1 mp, and now have 21/22 mp.
Unknown command.
Press: ? - help, Shift-Dir - straight line, f - Jorgrun
Aim: Jorgrun, wielding a staff of earth and wearing a +0 robe (chance to affect: 12%)
Okay, then.
Throw: dart (curare) {=f}
Press: ? - help, Shift-Dir - straight line, f - Jorgrun
Aim: Jorgrun, wielding a staff of earth and wearing a +0 robe (50% to hit)
You throw a curare-tipped dart {=f}.
The curare-tipped dart {=f} hits Jorgrun.
Jorgrun is poisoned.
Jorgrun convulses.
Jorgrun seems to slow down.
The white imp shouts, "Return whence thou came, thou pandering moon-mazed pot-faker!"
The white imp shouts, "Leave, thou obnoxious weeb-spouting dandiprat!"
You hear a shout!
The white imp gestures at you. The puff of frost hits you.
The white imp gestures at you. The puff of frost hits you. 😮 HP[-10]
You take 10 damage, and now have 58/97 hp.
Aiming: Corrosive Bolt
Press: ? - help, Shift-Dir - straight line, f/p - Jorgrun
Aim: Jorgrun, wielding a staff of earth and wearing a +0 robe (lightly wounded, very poisoned, slow, 57% to hit)
The bolt of acid misses Jorgrun.
The white imp gestures at you. The puff of frost misses you.
The white imp gestures at you. The puff of frost hits you. 😮 HP[-2]
You take 2 damage, and now have 56/97 hp.
Throw: 54 darts (poison)
Press: ? - help, Shift-Dir - straight line, f/p - Jorgrun
Aim: Jorgrun, wielding a staff of earth and wearing a +0 robe (lightly wounded, very poisoned, slow, 50% to hit)
Okay, then.
Aiming: Corrosive Bolt
Press: ? - help, Shift-Dir - straight line, f/p - Jorgrun
Aim: Jorgrun, wielding a staff of earth and wearing a +0 robe (lightly wounded, very poisoned, slow, 57% to hit)
The bolt of acid hits Jorgrun!!
The acid corrodes Jorgrun!
A white imp comes into view.
Jorgrun gestures at you while chanting.
Roots burst forth from the earth!
The grasping roots grab you! The grasping roots constrict you!
* * * LOW HITPOINT WARNING * * *
😨 HP[-16] MP[+1]
You take 16 damage, and now have 40/97 hp.
Your mp is fully restored (22).
Space bends sharply around you!
The white imp blinks!
You escape the roots' grasp.
You blink.
The white imp gestures at you. The puff of frost misses you. 😨 MP[-1]
You lost 1 mp, and now have 21/22 mp. 😨 HP[+2]
You regained 2 hp, and now have 42/97 hp. 😨 HP[+2]
You regained 2 hp, and now have 44/97 hp.
Jorgrun is no longer covered in acid.
The white imp gestures at you. The puff of frost misses you.
The white imp gestures at you. The puff of frost hits you.
* * * LOW HITPOINT WARNING * * *
😨 HP[-3] MP[+1]
You take 3 damage, and now have 41/97 hp.
Your mp is fully restored (22).
Jorgrun gestures at you while chanting.
Roots burst forth from the earth!
The grasping roots grab you! The grasping roots constrict you!
* * * LOW HITPOINT WARNING * * *
The white imp gestures at you. The puff of frost hits you!
* * * LOW HITPOINT WARNING * * *
😱 HP[-22]
You take 22 damage, and now have 19/97 hp.
MASSIVE DAMAGE!! (PAUSE) It was a potion of brilliance.
You feel clever all of a sudden.
Jorgrun looks more healthy.
The white imp hits you but does no damage.
The grasping roots constrict you!
* * * LOW HITPOINT WARNING * * *
😱 HP[-9]
You take 9 damage, and now have 10/97 hp.
You feel better. The grasping roots constrict you!
* * * LOW HITPOINT WARNING * * *
The white imp gestures at you. The puff of frost hits you!
You die...

Skill      XL: |  1  2  3  4  5  6  7  8  9 10 11 12 |
---------------+-------------------------------------+-----
Short Blades   | 1 2 3 4 5 6 7 |  7.1
Long Blades    | 1 2 3 4 5 6 7 |  7.1
Axes           | 1 2 3 4 5 6 7 |  7.1
Maces & Flails | 1 2 3 4 5 6 7 |  7.1
Staves         | 1 2 3 4 5 6 7 |  7.1
Slings         | 1 2 3 4 5 6 7 |  7.1
Bows           | 1 2 3 4 5 6 7 |  7.1
Crossbows      | 1 2 3 4 5 6 7 |  7.1
Throwing       | 1 2 3 4 5 6 7 |  7.1
Stealth        | 1 2 3 4 5 6 7 |  7.1
Shields        | 1 2 3 4 5 6 7 |  7.1
Unarmed Combat | 1 2 3 4 5 6 7 |  7.1
Spellcasting   | 1 2 3 4 5 6 7 |  7.1
Conjurations   | 1 2 3 4 5 |  5.9
Hexes          | 1 2 3 4 5 |  5.9
Summonings     | 1 2 3 4 5 |  5.9
Necromancy     | 1 2 3 4 5 |  5.9
Translocations | 1 2 3 4 5 |  5.9
Transmutations | 1 2 3 4 5 |  5.9
Fire Magic     | 1 2 3 4 5 |  5.9
Ice Magic      | 1 2 3 4 5 |  5.9
Air Magic      | 1 2 3 4 5 |  5.9
Earth Magic    | 1 2 3 4 5 |  5.9
Poison Magic   | 1 2 3 4 5 |  5.9
Evocations     | 1 2 3 4 5 6 7 |  7.1
Dodging        | 3 4 5 6 7 |  7.6
Invocations    | 5 6 7 8 9 |  9.2
Polearms       | 5 6 7 8 |  8.6
Armour         | 5 6 7 8 |  8.6
Fighting       | 7 8 9 |  9.8

Action                   |  1- 3 |  4- 6 |  7- 9 | 10-12 || total
-------------------------+-------+-------+-------+-------++-------
Melee: Trident           |       |   230 |   316 |   695 ||  1241
       Bite              |       |    17 |    34 |    94 ||   145
Throw: Boomerang         |       |       |    16 |    12 ||    28
       Dart              |       |       |     8 |    10 ||    18
 Cast: Confusing Touch   |       |       |       |     4 ||     4
       Vampiric Draining |       |       |       |     7 ||     7
Invok: Depart the Abyss  |       |     1 |       |       ||     1
       Bend Space        |       |       |     2 |     3 ||     5
       Banish            |       |       |       |     2 ||     2
Evoke: Wand              |     3 |     3 |     5 |     8 ||    19
  Use: Scroll            |     2 |     4 |       |    15 ||    21
       Potion            |       |       |     1 |     2 ||     3
 Stab: Sleeping          |       |    11 |     9 |    12 ||    32
       Distracted        |       |       |     3 |     2 ||     5
       Confused          |       |       |       |     2 ||     2
Armor: Leather armour    |       |    56 |    63 |    21 ||   140
       Troll leather arm |       |       |       |   191 ||   191
Dodge: Dodged            |       |   107 |   180 |   438 ||   725
Block: Buckler           |       |     1 |    60 |   198 ||   259

Levels and vault maps discovered:
D:1:      matt_arrival_los_fun, layout_loops_ring
D:2:      layout_basic, shapermc_ecumenical_altar_starsandcircs, basic_altar,
          hangedman_decor_push, kennysheep_donut
D:3:      layout_loops_cross, minmay_gold_behind_fungi, minivault_4
D:4:      layout_rooms, temple_statues, gammafunk_ghost_nasty_kobolds,
          minmay_circle_x, uniq_ijyb
D:5:      layout_basic, nicolae_ru_sacrificial_ziggurat, trog_butcher_becter,
          nzn_random_ring, uniq_edmund, uniq_sigmund
D:6:      layout_cave_pools, kennysheep_mini_moat
D:7:      layout_rooms, grunt_gozag_statues, lemuel_round_altar
D:8:      layout_loops_ring, mainiacjoe_overflow_tiny_flanked, hex_large,
          minmay_misc_feat_encased
D:9:      layout_long_grid, minmay_tree_intersection, minmay_chambers_of_fives
D:10:     layout_layer_cave, zin_academy, david_lair_generic, orc_0_dummy,
          serial_undead, serial_undead_c, serial_undead_e, serial_undead_f,
          serial_undead_e, serial_undead_c, serial_undead_d, serial_undead_a,
          serial_undead_a, serial_undead_d, serial_undead_b
D:11:     layout_basic, serial_aquarium, aquarium_bridge_straight
          [aquarium_subvault_bridge, aquarium_subvault_window,
          aquarium_subvault_bridge, aquarium_subvault_wall],
          aquarium_bridge_long_separate [aquarium_subvault_window,
          aquarium_subvault_bridge, aquarium_subvault_bridge,
          aquarium_subvault_bridge, aquarium_subvault_bridge,
          aquarium_subvault_wall], aquarium_window_1, aquarium_window_fake,
          aquarium_window_1, aquarium_view_2a, aquarium_pool_four, uniq_harold,
          uniq_grum
D:12:     layout_layer_cave, portal_ice_cave_entry_imps,
          minmay_misc_feat_hallway, uniq_jorgrun

Notes
Turn   | Place    | Note
-------+----------+-------------------------------------------
     0 | Abyss:1  | spiderkeys the Gnoll Abyssal Knight began the quest for the
                  | Orb.
     0 | Abyss:1  | Reached XP level 1. HP: 23/23 MP: 3/3
     0 | Abyss:1  | magus.rc [v1.9.10]
    79 | Abyss:2  | Identified the +3 trident "Fonwoubb" {pain, Int+2}
   131 | Abyss:2  | Noticed a ynoxinul
   135 | Abyss:2  | Killed a ynoxinul
   136 | Abyss:2  | Reached skill level 1 in Short Blades
   136 | Abyss:2  | Reached skill level 1 in Long Blades
   136 | Abyss:2  | Reached skill level 1 in Axes
   136 | Abyss:2  | Reached skill level 1 in Maces & Flails
   136 | Abyss:2  | Reached skill level 1 in Staves
   136 | Abyss:2  | Reached skill level 1 in Slings
   136 | Abyss:2  | Reached skill level 1 in Bows
   136 | Abyss:2  | Reached skill level 1 in Crossbows
   136 | Abyss:2  | Reached skill level 1 in Throwing
   136 | Abyss:2  | Reached skill level 1 in Stealth
   136 | Abyss:2  | Reached skill level 1 in Shields
   136 | Abyss:2  | Reached skill level 1 in Unarmed Combat
   136 | Abyss:2  | Reached skill level 1 in Spellcasting
   136 | Abyss:2  | Reached skill level 1 in Conjurations
   136 | Abyss:2  | Reached skill level 1 in Hexes
   136 | Abyss:2  | Reached skill level 1 in Summonings
   136 | Abyss:2  | Reached skill level 1 in Necromancy
   136 | Abyss:2  | Reached skill level 1 in Translocations
   136 | Abyss:2  | Reached skill level 1 in Transmutations
   136 | Abyss:2  | Reached skill level 1 in Fire Magic
   136 | Abyss:2  | Reached skill level 1 in Ice Magic
   136 | Abyss:2  | Reached skill level 1 in Air Magic
   136 | Abyss:2  | Reached skill level 1 in Earth Magic
   136 | Abyss:2  | Reached skill level 1 in Poison Magic
   136 | Abyss:2  | Reached skill level 1 in Evocations
   136 | Abyss:2  | Reached XP level 2. HP: 29/29 MP: 5/5
   136 | Abyss:2  | Reached XP level 3. HP: 35/35 MP: 6/6
   136 | Abyss:2  | Reached XP level 4. HP: 41/41 MP: 7/7
   136 | Abyss:2  | Reached XP level 5. HP: 47/47 MP: 8/8
   151 | Abyss:2  | Noticed a starcursed mass
   155 | Abyss:2  | Paralysed by accursed screaming for 1 turns
   157 | D:1      | You pass through the gate.
   157 | D:1      | Escaped the Abyss
   470 | D:1      | Reached skill level 3 in Dodging
   532 | D:1      | Reached * piety under Lugonu
  1152 | D:2      | Found a faded altar of an unknown god.
  1439 | D:2      | Reached skill level 5 in Invocations
  1439 | D:2      | Reached XP level 6. HP: 31/53 MP: 9/9
  1995 | D:2      | Found a sparkling altar of Nemelex Xobeh.
  2348 | D:2      | Reached skill level 5 in Polearms
  2348 | D:2      | Reached skill level 5 in Armour
  2580 | D:2      | Reached ** piety under Lugonu
  3068 | D:3      | Reached skill level 2 in Short Blades
  3068 | D:3      | Reached skill level 2 in Long Blades
  3068 | D:3      | Reached skill level 2 in Axes
  3068 | D:3      | Reached skill level 2 in Maces & Flails
  3068 | D:3      | Reached skill level 2 in Staves
  3068 | D:3      | Reached skill level 2 in Slings
  3068 | D:3      | Reached skill level 2 in Bows
  3068 | D:3      | Reached skill level 2 in Crossbows
  3068 | D:3      | Reached skill level 2 in Throwing
  3068 | D:3      | Reached skill level 2 in Stealth
  3068 | D:3      | Reached skill level 2 in Shields
  3068 | D:3      | Reached skill level 2 in Unarmed Combat
  3068 | D:3      | Reached skill level 2 in Spellcasting
  3068 | D:3      | Reached skill level 2 in Evocations
  3774 | D:4      | Noticed Ijyb
  3786 | D:4      | Killed Ijyb
  3802 | D:4      | Found a staircase to the Ecumenical Temple.
  4110 | D:4      | Found a runed translucent gate.
  4111 | D:4      | Found a runed translucent gate.
  4111 | D:4      | Noticed Rennog's ghost (amateur GrFi)
  4175 | D:4      | Noticed a black bear
  4182 | D:4      | Killed a black bear
  4183 | D:4      | Reached XP level 7. HP: 52/59 MP: 10/10
  4226 | D:4      | You pick up a book of Burglary and begin reading...
  4226 | D:4      | You add the spells Passwall, Swiftness and Invisibility to
                  | your library.
  4278 | D:4      | Found a runed translucent gate.
  4447 | D:4      | You are sucked into a shaft and drop 3 floors!
  4456 | D:7      | Reached skill level 7 in Fighting
  4501 | D:7      | Identified the +2 leather armour of Classification {Dex+5}
  4517 | D:7      | Found an opulent altar of Gozag.
  4561 | D:6      | Reached skill level 2 in Conjurations
  4561 | D:6      | Reached skill level 2 in Hexes
  4561 | D:6      | Reached skill level 2 in Summonings
  4561 | D:6      | Reached skill level 2 in Necromancy
  4561 | D:6      | Reached skill level 2 in Translocations
  4561 | D:6      | Reached skill level 2 in Transmutations
  4561 | D:6      | Reached skill level 2 in Fire Magic
  4561 | D:6      | Reached skill level 2 in Ice Magic
  4561 | D:6      | Reached skill level 2 in Air Magic
  4561 | D:6      | Reached skill level 2 in Earth Magic
  4561 | D:6      | Reached skill level 2 in Poison Magic
  4888 | D:5      | Entered Level 5 of the Dungeon
  4897 | D:5      | Reached XP level 8. HP: 28/67 MP: 12/12
  4993 | D:5      | Reached *** piety under Lugonu
  4994 | D:5      | Reached skill level 3 in Short Blades
  4994 | D:5      | Reached skill level 3 in Long Blades
  4994 | D:5      | Reached skill level 3 in Axes
  4994 | D:5      | Reached skill level 3 in Maces & Flails
  4994 | D:5      | Reached skill level 3 in Staves
  4994 | D:5      | Reached skill level 3 in Slings
  4994 | D:5      | Reached skill level 3 in Bows
  4994 | D:5      | Reached skill level 3 in Crossbows
  4994 | D:5      | Reached skill level 3 in Throwing
  4994 | D:5      | Reached skill level 4 in Dodging
  4994 | D:5      | Reached skill level 3 in Stealth
  4994 | D:5      | Reached skill level 3 in Shields
  4994 | D:5      | Reached skill level 3 in Unarmed Combat
  4994 | D:5      | Reached skill level 3 in Spellcasting
  4994 | D:5      | Reached skill level 3 in Evocations
  5001 | D:5      | You pick up a book of Debilitation and begin reading...
  5001 | D:5      | You add the spells Slow, Vampiric Draining and Confusing
                  | Touch to your library.
  5014 | D:5      | Learned a level 3 spell: Vampiric Draining
  5159 | D:5      | Found a bloodstained altar of Trog.
  5373 | D:5      | Found a sacrificial altar of Ru.
  5416 | D:5      | Noticed Edmund
  5432 | D:5      | Killed Edmund
  5433 | D:5      | Reached skill level 6 in Invocations
  5699 | D:5      | Reached skill level 3 in Conjurations
  5699 | D:5      | Reached skill level 3 in Hexes
  5699 | D:5      | Reached skill level 3 in Summonings
  5699 | D:5      | Reached skill level 3 in Necromancy
  5699 | D:5      | Reached skill level 3 in Translocations
  5699 | D:5      | Reached skill level 3 in Transmutations
  5699 | D:5      | Reached skill level 3 in Fire Magic
  5699 | D:5      | Reached skill level 3 in Ice Magic
  5699 | D:5      | Reached skill level 3 in Air Magic
  5699 | D:5      | Reached skill level 3 in Earth Magic
  5699 | D:5      | Reached skill level 3 in Poison Magic
  5702 | D:5      | Noticed a two-headed ogre
  5925 | D:4      | Killed Rennog's ghost
  5926 | D:4      | Reached skill level 6 in Polearms
  5926 | D:4      | Reached skill level 6 in Armour
  5926 | D:4      | Reached XP level 9. HP: 40/73 MP: 14/14
  6293 | D:5      | Killed a two-headed ogre
  6294 | D:5      | Reached skill level 4 in Short Blades
  6294 | D:5      | Reached skill level 4 in Long Blades
  6294 | D:5      | Reached skill level 4 in Axes
  6294 | D:5      | Reached skill level 4 in Maces & Flails
  6294 | D:5      | Reached skill level 4 in Staves
  6294 | D:5      | Reached skill level 4 in Slings
  6294 | D:5      | Reached skill level 4 in Bows
  6294 | D:5      | Reached skill level 4 in Crossbows
  6294 | D:5      | Reached skill level 4 in Throwing
  6294 | D:5      | Reached skill level 5 in Dodging
  6294 | D:5      | Reached skill level 4 in Stealth
  6294 | D:5      | Reached skill level 4 in Shields
  6294 | D:5      | Reached skill level 4 in Unarmed Combat
  6294 | D:5      | Reached skill level 4 in Spellcasting
  6294 | D:5      | Reached skill level 4 in Evocations
  6445 | D:5      | Noticed Sigmund
  6452 | D:5      | Killed Sigmund
  6453 | D:5      | Reached skill level 8 in Fighting
  6556 | D:5      | Reached **** piety under Lugonu
  6903 | D:6      | Reached skill level 7 in Invocations
  7105 | D:6      | Found a basalt altar of Yredelemnul.
  7251 | D:6      | Reached XP level 10. HP: 79/80 MP: 17/17
  7297 | D:6      | Identified a scroll of acquirement
  7299 | D:6      | Acquired 884 gold pieces
  7391 | D:7      | Reached skill level 4 in Conjurations
  7391 | D:7      | Reached skill level 4 in Hexes
  7391 | D:7      | Reached skill level 4 in Summonings
  7391 | D:7      | Reached skill level 4 in Necromancy
  7391 | D:7      | Reached skill level 4 in Translocations
  7391 | D:7      | Reached skill level 4 in Transmutations
  7391 | D:7      | Reached skill level 4 in Fire Magic
  7391 | D:7      | Reached skill level 4 in Ice Magic
  7391 | D:7      | Reached skill level 4 in Air Magic
  7391 | D:7      | Reached skill level 4 in Earth Magic
  7391 | D:7      | Reached skill level 4 in Poison Magic
  7580 | D:7      | Found a sparkling altar of Nemelex Xobeh.
  7909 | D:8      | Reached skill level 5 in Short Blades
  7909 | D:8      | Reached skill level 5 in Long Blades
  7909 | D:8      | Reached skill level 5 in Axes
  7909 | D:8      | Reached skill level 5 in Maces & Flails
  7909 | D:8      | Reached skill level 5 in Staves
  7909 | D:8      | Reached skill level 5 in Slings
  7909 | D:8      | Reached skill level 5 in Bows
  7909 | D:8      | Reached skill level 5 in Crossbows
  7909 | D:8      | Reached skill level 5 in Throwing
  7909 | D:8      | Reached skill level 5 in Stealth
  7909 | D:8      | Reached skill level 5 in Shields
  7909 | D:8      | Reached skill level 5 in Unarmed Combat
  7909 | D:8      | Reached skill level 5 in Spellcasting
  7909 | D:8      | Reached skill level 5 in Evocations
  8094 | D:8      | Reached skill level 7 in Polearms
  8094 | D:8      | Reached skill level 7 in Armour
  8098 | D:8      | Learned a level 3 spell: Confusing Touch
  8424 | D:8      | Found a broken altar of Ashenzari.
  8712 | D:9      | Reached skill level 6 in Dodging
  9264 | D:9      | You pick up a book of Debilitation and begin reading...
  9322 | D:9      | HP: 16/81 [freezing wraith (8)]
  9650 | D:10     | Entered Level 10 of the Dungeon
  9741 | D:10     | Reached skill level 8 in Invocations
  9741 | D:10     | Reached XP level 11. HP: 79/87 MP: 19/19
  9894 | D:10     | Reached skill level 9 in Fighting
  9911 | D:10     | Reached skill level 6 in Short Blades
  9911 | D:10     | Reached skill level 6 in Long Blades
  9911 | D:10     | Reached skill level 6 in Axes
  9911 | D:10     | Reached skill level 6 in Maces & Flails
  9911 | D:10     | Reached skill level 6 in Staves
  9911 | D:10     | Reached skill level 6 in Slings
  9911 | D:10     | Reached skill level 6 in Bows
  9911 | D:10     | Reached skill level 6 in Crossbows
  9911 | D:10     | Reached skill level 6 in Throwing
  9911 | D:10     | Reached skill level 6 in Stealth
  9911 | D:10     | Reached skill level 6 in Shields
  9911 | D:10     | Reached skill level 6 in Unarmed Combat
  9911 | D:10     | Reached skill level 6 in Spellcasting
  9911 | D:10     | Reached skill level 6 in Evocations
  9968 | D:10     | Reached skill level 5 in Conjurations
  9968 | D:10     | Reached skill level 5 in Hexes
  9968 | D:10     | Reached skill level 5 in Summonings
  9968 | D:10     | Reached skill level 5 in Necromancy
  9968 | D:10     | Reached skill level 5 in Translocations
  9968 | D:10     | Reached skill level 5 in Transmutations
  9968 | D:10     | Reached skill level 5 in Fire Magic
  9968 | D:10     | Reached skill level 5 in Ice Magic
  9968 | D:10     | Reached skill level 5 in Air Magic
  9968 | D:10     | Reached skill level 5 in Earth Magic
  9968 | D:10     | Reached skill level 5 in Poison Magic
 10125 | D:10     | Found a staircase to the Orcish Mines.
 10439 | D:10     | Found a glowing silver altar of Zin.
 10789 | D:10     | Found a staircase to the Lair.
 11005 | D:10     | Reached ***** piety under Lugonu
 11093 | D:10     | Reached skill level 8 in Polearms
 11093 | D:10     | Reached skill level 8 in Armour
 11093 | D:10     | Reached skill level 7 in Dodging
 11123 | D:10     | Noticed a two-headed ogre
 11158 | D:10     | Killed a two-headed ogre
 11525 | D:11     | Noticed a boulder beetle
 11526 | D:11     | Noticed an eight-headed hydra
 11530 | D:11     | Banished a boulder beetle
 11537 | D:11     | Banished an eight-headed hydra
 11573 | D:11     | Noticed Grum
 11610 | D:11     | Reached XP level 12. HP: 85/96 MP: 7/22
 11786 | D:11     | Killed Grum
 11823 | D:11     | Reached skill level 9 in Invocations
 11981 | D:11     | You pick up a book of Transfigurations and begin reading...
 11981 | D:11     | You add the spells Irradiate, Blade Hands and Dragon Form
                  | to your library.
 12231 | D:11     | Noticed a four-headed hydra
 12240 | D:11     | Killed a four-headed hydra
 12241 | D:11     | Reached skill level 7 in Short Blades
 12241 | D:11     | Reached skill level 7 in Long Blades
 12241 | D:11     | Reached skill level 7 in Axes
 12241 | D:11     | Reached skill level 7 in Maces & Flails
 12241 | D:11     | Reached skill level 7 in Staves
 12241 | D:11     | Reached skill level 7 in Slings
 12241 | D:11     | Reached skill level 7 in Bows
 12241 | D:11     | Reached skill level 7 in Crossbows
 12241 | D:11     | Reached skill level 7 in Throwing
 12241 | D:11     | Reached skill level 7 in Stealth
 12241 | D:11     | Reached skill level 7 in Shields
 12241 | D:11     | Reached skill level 7 in Unarmed Combat
 12241 | D:11     | Reached skill level 7 in Spellcasting
 12241 | D:11     | Reached skill level 7 in Evocations
 12484 | D:11     | Noticed Harold
 12497 | D:11     | Killed Harold
 12730 | D:12     | Found a frozen archway.
 12757 | D:12     | Noticed Jorgrun
 12825 | D:12     | HP: 19/97 [white imp/puff of frost (7)]
 12827 | D:12     | HP: 4/97 [constriction (14)]
 12827 | D:12     | Killed from afar by a white imp

Vanquished Creatures
  Harold (D:11)
  A hydra (D:11)
  2 two-headed ogres
  A manticore (D:11)
  A gargoyle (D:11)
  A freezing wraith (D:9)
  A tengu conjurer (D:9)
  2 trolls
  The ghost of Rennog the Skirmisher, an amateur GrFi (D:4)
  A shadow (D:11)
  Sigmund (D:5)
  A wyvern (D:10)
  A wraith (D:11)
  7 yaks
  A ynoxinul (Abyss:2)
  A basilisk (D:10)
  Grum (D:11)
  5 vampire mosquitoes
  A steam dragon (D:8)
  Edmund (D:5)
  2 acid dragons
  A water moccasin (D:8)
  4 orc warriors
  2 ice beasts
  12 necrophages (D:10)
  2 ogres (D:5)
  3 black bears
  A hornet zombie (D:8)
  3 wolves (D:11)
  8 centaurs
  2 phantoms
  A bullfrog (D:8)
  3 kobold brigands
  A gnoll sergeant (D:5)
  A scorpion (D:5)
  A water moccasin skeleton (D:6)
  5 wights
  4 howler monkeys
  10 centaur zombies
  2 jellies (D:5)
  A bullfrog zombie (D:7)
  7 hounds
  A gnoll shaman (D:10)
  3 orc priests
  3 centaur skeletons
  5 bullfrog skeletons
  7 iguanas
  Ijyb (D:4)
  7 orc wizards
  A scorpion zombie (D:5)
  A hound zombie (D:5)
  A hound skeleton (D:4)
  3 mummies (D:10)
  2 howler monkey zombies
  6 gnolls
  8 adders
  6 white imps
  An adder skeleton (D:4)
  A worm (D:2)
  4 dart slugs
  26 orcs
  5 ball pythons
  7 bats
  10 endoplasms
  2 giant cockroaches
  2 hobgoblins
  6 jackals
  26 kobolds
  5 quokkas
  9 frilled lizards
  7 goblins
  8 rats
282 creatures vanquished.

Vanquished Creatures (others)
  A fungus (D:4)
  3 plants (D:4)
  6 toadstools (D:3)
  2 withered plants (D:10)
12 creatures vanquished.

Grand Total: 294 creatures vanquished

Table legend:
 A = Non-vault XP
 B = Vault XP
 C = Vault XP percentage of total XP
 D = Non-vault monster count
 E = Vault monster count
 F = Vault count percentage of total count
                 A         B        C        D         E       F
            +---------+---------+-------+---------+---------+-------
      Total |   13433 |    9063 |  40.3 |     201 |      83 |  29.2
            +---------+---------+-------+---------+---------+-------
        D:1 |      70 |       0 |   0.0 |      31 |       0 |   0.0
        D:2 |     153 |       0 |   0.0 |      23 |       0 |   0.0
        D:3 |      37 |       0 |   0.0 |      15 |       0 |   0.0
        D:4 |     155 |     419 |  73.0 |      11 |      16 |  59.3
        D:5 |     799 |    1974 |  71.2 |      26 |      22 |  45.8
        D:6 |     836 |       0 |   0.0 |      17 |       0 |   0.0
        D:7 |     442 |       0 |   0.0 |       8 |       0 |   0.0
        D:8 |    1262 |       0 |   0.0 |       9 |       0 |   0.0
        D:9 |    1246 |     774 |  38.3 |      17 |       5 |  22.7
       D:10 |    2683 |    4413 |  62.2 |      19 |      29 |  60.4
       D:11 |    5400 |    1431 |  20.9 |      23 |       6 |  20.7
       D:12 |     145 |      52 |  26.4 |       1 |       5 |  83.3
    Abyss:2 |     205 |       0 |   0.0 |       1 |       0 |   0.0
            +---------+---------+-------+---------+---------+-------

Illustrated notes

Table legend:
 A = Kills in this place as a percentage of kills in entire the game.
 B = Kills by you in this place as a percentage of kills by you in the entire game.
 C = Kills by friends in this place as a percentage of kills by friends in the entire game.
 D = Other kills in this place as a percentage of other kills in the entire game.
 E = Experience gained in this place as a percentage of experience gained in the entire game.
 F = Experience gained in this place divided by the number of levels of this place that you have seen.
                   A       B       C       D       E      F
               +-------+-------+-------+-------+-------+----------------------
         Total | 100.0 | 100.0 |   N/A | 100.0 | 100.0 | 1606.9
       Dungeon |  99.6 |  99.6 |   N/A | 100.0 |  99.1 | 1857.6
         Abyss |   0.4 |   0.4 |   N/A |   0.0 |   0.9 | 102.5
               +-------+-------+-------+-------+-------+----------------------

Table legend: (Time is in decaauts)
 A = Elapsed time spent in this place.
 B = Non-inter-level travel time spent in this place.
 C = Inter-level travel time spent in this place.
 D = Time resting spent in this place.
 E = Time spent auto-exploring this place.
 F = Levels seen in this place.
 G = Mean time per level.
                   A        B        C        D        E       F      G
               +--------+--------+--------+--------+--------+-----+--------+
         Total |  12832 |  12507 |    325 |   1100 |   8680 |  14 |  916.6 |
       Dungeon |  12676 |  12351 |    325 |   1100 |   8644 |  12 | 1056.3 |
         Abyss |    156 |    156 |      0 |      0 |     36 |   2 |   78.0 |
               +--------+--------+--------+--------+--------+-----+--------+

Top non-repeatable levels by time:
    D:10: 1774 daAuts
     D:2: 1657 daAuts
     D:5: 1552 daAuts
    D:11: 1280 daAuts
     D:1: 1247 daAuts
     D:9: 1021 daAuts
     D:3: 928 daAuts
     D:4: 927 daAuts
     D:8: 881 daAuts
     D:6: 765 daAuts
     D:7: 547 daAuts
    D:12: 91 daAuts
 Abyss:2: 83 daAuts
 Abyss:1: 73 daAuts
